 Dungeon Crawl Stone Soup version bcrawl-1.27.1d (webtiles) character file.

Game seed: 2190808040243807180

94814 Freyura the Grave Robber (level 2, 0/20 HPs)
             Began as a Mummy Necromancer on July 16, 2020.
             Slain by a goblin (2 damage)
             ... on level 1 of the Dungeon.
             The game lasted 00:03:05 (324 turns).

Freyura the Grave Robber (Mummy Necromancer)         Turns: 324, Time: 00:03:06

Health: 0/20       AC:  2    Str: 11    XL:     2   Next: 6%
Magic:  5/6        EV: 12    Int: 14    God:
Gold:   62         SH:  0    Dex: 12    Spells: 5/7 levels left

rFire    x . .     SeeInvis .   a - +1 dagger
rCold    + . .     Gourm    .   (no shield)
rNeg     + + +     Faith    .   b - +0 robe
rPois    ∞         Spirit   .   (no helmet)
rElec    .         Reflect  .   (no cloak)
rCorr    .         Harm     .   (no gloves)
MR       .....     Clarity  +   (no boots)
Stlth    ++........             (no amulet)
HPRegen  0.06/turn              (no ring)
MPRegen  0.10/turn              (no ring)

@: no status effects
A: no food or potions, fire vulnerability, clarity, cold resistance 1, negative
energy resistance 3, torment resistance, unbreathing
a: no special abilities


You were on level 1 of the Dungeon.
You were not hungry.

You visited 1 branch of the dungeon, and saw 1 of its levels.

You collected 62 gold pieces.

Inventory:

Hand Weapons
 a - a +1 dagger (weapon)
Armour
 b - a +0 robe (worn)
Scrolls
 c - 2 scrolls of fog {unknown}
 d - a scroll of enchant weapon {unknown}


   Skills:
 + Level 0.5 Fighting
 - Level 1.5 Dodging
 + Level 2.3 Stealth
 * Level 3.1 Spellcasting
 + Level 4.1 Necromancy


You had 5 spell levels left.
You knew the following spells:

 Your Spells              Type           Power        Failure   Level  Hunger
a - Animate Skeleton      Necr           N/A          4%          1    N/A
b - Pain                  Necr           ##....       4%          1    N/A

Your spell library contained the following spells:

 Spells                   Type           Power        Failure   Level  Hunger
 Vampiric Draining        Necr           ##........   12%         3    N/A
 Animate Dead             Necr           N/A          36%         4    N/A
 Bolt of Draining         Conj/Necr      #.........   94%         5    N/A
 Regeneration             Chrm/Necr      Unusable     N/A         3    N/A

Dungeon Overview and Level Annotations

Branches:
Dungeon (1/12)

Altars:


Innate Abilities, Weirdness & Mutations

You do not eat or drink.
Your flesh is vulnerable to fire.
You are immune to poison.
You possess an exceptional clarity of mind.
Your flesh is cold resistant. (rC+)
You are immune to negative energy. (rN+++)
You are immune to unholy pain and torment.
You can survive without breathing.


Message History

You kill the frilled lizard!
You start resting.
A goblin comes into view.
The goblin wields a +0 hunting sling.
The goblin shoots a stone.
The stone hits you but does no damage.
The goblin shoots a stone.
The stone completely misses you.
The goblin shoots a stone.
The stone hits you.
The goblin shoots a stone.
The stone barely misses you.
The goblin shoots a stone.
The stone barely misses you.
The goblin shoots a stone.
The stone hits you.
The goblin shoots a stone.
The stone hits you.
The goblin shoots a stone.
The stone closely misses you.
The goblin shoots a stone.
The stone hits you.
* * * LOW HITPOINT WARNING * * *
The goblin shoots a stone.
The stone hits you.
* * * LOW HITPOINT WARNING * * *
A rat comes into view.
The goblin shoots a stone.
The stone hits you but does no damage.
The goblin unwields a +0 hunting sling.
The goblin hits you.
You die...

....#.#.#..# #.#... #.#.#
...#.# #.#...##
#.#.###.##.#
......g.####....##.##.####
...............[...>.....[
.#.#....####....##.##.####
.......# #.####...#.####
#..#.####.# #%...#....
#...rg@...# #...#.####
........###### #####.####
........# #........
..##.##.# #.####### . #.
#.# # # #.# #.# #.# [.#
#.# #.#


You could see a goblin and a rat.

Vanquished Creatures
  A leopard gecko (D:1)
  2 goblins (D:1)
  2 hobgoblins (D:1)
  A frilled lizard (D:1)
  2 rats (D:1)
8 creatures vanquished.

Notes
Turn   | Place    | Note
-------+----------+-------------------------------------------
     0 | D:1      | Freyura the Mummy Necromancer began the quest for the Orb.
     0 | D:1      | Reached XP level 1. HP: 13/13 MP: 4/4
   287 | D:1      | Reached XP level 2. HP: 13/20 MP: 0/6
   315 | D:1      | HP: 1/20 [goblin/stone (3)]
   324 | D:1      | Slain by a goblin

Skill      XL: |  1 |
---------------+----+-----
Spellcasting   | 3 |  3.1
Fighting       | |  0.5
Dodging        | |  1.5
Stealth        | |  2.3
Necromancy     | |  4.1

Action                   || total
-------------------------++-------
Melee: Dagger            ||    25
 Cast: Pain              ||     7
 Stab: Sleeping          ||     1
Armor: Robe              ||     3
Dodge: Dodged            ||    13
